 Dungeon Crawl Stone Soup version 0.25-a0-435-g4b9beb1024 (webtiles) character file.

Game seed: 7485137937682270308, levelgen mode: classic

8712 EnegeticOcto the Tainter (level 11, -2/74 HPs)
             Began as an Octopode Venom Mage on Jan 26, 2020.
             Was an Initiate of Gozag.
             Slain by a freezing wraith (16 damage)
             ... on level 10 of the Dungeon.
             The game lasted 00:24:15 (15949 turns).

EnegeticOcto the Tainter (Octopode Venom Mage)     Turns: 15949, Time: 00:24:16

Health: -2/74      AC:  1    Str:  7      XL:     11   Next: 35%
Magic:  18/18      EV: 15    Int: 22      God:    Gozag
Gold:   1011       SH:  4    Dex: 11 (12) Spells: 3/20 levels left

rFire    + . .     SeeInvis +   x - +0 flail "Goom" {speed, rElec rN+ SInv}
rCold    . . .     Gourm    .   g - +0 buckler
rNeg     + . .     Faith    .   (helmet restricted)
rPois    +         Spirit   .   (no amulet)
rElec    +         Reflect  .   a - ring of protection from fire
rCorr    .         Harm     .   v - ring of poison resistance
MR       .....                  (no ring)
Stlth    +++.......             (no ring)
HPRegen  0.22/turn              (no ring)
MPRegen  0.16/turn              (no ring)
                                (no ring)
                                (no ring)

@: gold aura
A: almost no armour, stealthy swim, amphibious, 8 rings, constrict 8, camouflage
1, gelatinous body 1
a: Potion Petition, Call Merchant, Bribe Branch, Renounce Religion


You were on level 10 of the Dungeon.
You worshipped Gozag.
Gozag was most pleased with you.
You were not hungry.

You visited 2 branches of the dungeon, and saw 11 of its levels.
You also visited: Sewer and Bailey.

You collected 1429 gold pieces.
You spent 234 gold pieces at shops.
You paid 184 gold pieces to Gozag.

Inventory:

Hand Weapons
 x - the +0 flail "Goom" (weapon) {speed, rElec rN+ SInv}
   (You found it on level 5 of the Dungeon)

   Attacks with this weapon are significantly faster.
   It insulates you from electricity.
   It protects you from negative energy.
   It lets you see invisible.
Armour
 g - a +0 buckler (worn)
 h - the +0 large shield "Bynontaj" {rElec Str+4}
   (You found it in a bailey)

   It affects your strength (+4).
   It insulates you from electricity.
   If you switch to wearing this armour, your AC will rise 0 points (1 -> 1)
 B - a +1 large shield of poison resistance
Jewellery
 a - a ring of protection from fire (left tentacle)
 v - a ring of poison resistance (right tentacle)
Wands
 r - a wand of paralysis (7)
 s - a wand of flame (15)
 C - a wand of iceblast (9)
 D - a wand of disintegration (9)
Scrolls
 c - 2 scrolls of enchant armour
 d - 12 scrolls of teleportation {@r3 !r}
 f - 2 scrolls of enchant weapon
 k - a scroll of fog {!r}
 n - a scroll of fear {!r}
 o - 3 scrolls of immolation
 q - 2 scrolls of remove curse {@r2}
 y - a scroll of blinking {@r4}
Potions
 b - 8 potions of flight
 i - a potion of heal wounds {@q2 !q}
 j - a potion of cancellation
 l - a potion of magic {unknown}
 m - 3 potions of might {@q3 !q}
 p - a potion of ambrosia {unknown}
 t - a potion of berserk rage
 u - 2 potions of curing {@q1 !q}
 w - a potion of degeneration {unknown}
 z - a potion of mutation
 A - 4 potions of agility {@q5 !q}
Comestibles
 e - 15 rations


   Skills:
 + Level 6.8 Fighting
 - Level 6.7 Throwing
 + Level 5.1 Dodging
 - Level 4.0 Stealth
 - Level 4.1 Shields
 + Level 3.0 Unarmed Combat
 + Level 5.0 Spellcasting
 - Level 3.0 Conjurations
 + Level 7.5 Transmutations
 - Level 2.0 Air Magic
 - Level 8.0 Poison Magic
 - Level 4.1 Evocations


You had 3 spell levels left.
You knew the following spells:

 Your Spells              Type           Power        Failure   Level  Hunger
a - Sting                 Tmut/Pois      ####         1%          1    None
b - Poisonous Vapours     Pois/Air       ####..       1%          2    None
c - Olgreb's Toxic Radia  Pois           #####...     3%          4    ####...
d - Mephitic Cloud        Conj/Pois/Air  ###.....     4%          3    ##.....
e - Ignite Poison         Fire/Tmut/Pois ####....     3%          3    ##.....
f - Swiftness             Chrm/Air       ##......     10%         2    None
p - Passwall              Tmut/Erth      ###.....     3%          2    None

Your spell library contained the following spells:

 Spells                   Type           Power        Failure   Level  Hunger
 Beastly Appendage        Tmut           #####.       1%          1    None
 Sticks to Snakes         Tmut           #####...     1%          2    None
 Spider Form              Tmut/Pois      #####.....   1%          3    ##.....
 Shock                    Conj/Air       ###.         3%          1    None
 Static Discharge         Conj/Air       ###.....     11%         3    ##.....
 Blade Hands              Tmut           #####.....   13%         5    #####..
 Ice Form                 Ice/Tmut       ###.....     22%         4    ####...
 Airstrike                Air            ##........   41%         4    ####...
 Lightning Bolt           Conj/Air       ###.......   69%         5    #####..
 Lee's Rapid Deconstruct  Erth           #.........   95%         5    #####..
 Dragon Form              Tmut           #####.....   98%         7    #######


Dungeon Overview and Level Annotations

Branches:
Dungeon (10/15)            Temple (1/1) D:7            Lair (0/6) D:9
  Sewer (visited)          Bailey (visited)
    Orc: D:9-12

Altars:
Ashenzari
Cheibriados
Dithmenos
Elyvilon
Fedhas
Gozag
Hepliaklqana
Kikubaaqudgha
Makhleb
Nemelex Xobeh
Okawaru
Qazlal
Ru
Sif Muna
Trog
Uskayaw
Vehumet
Wu Jian
Xom
Yredelemnul
Zin
The Shining One

Shops:
D:4 =*(

Annotations:
D:6 3 runed translucent doors, jperry's ghost, novice MiBe


Innate Abilities, Weirdness & Mutations

You cannot wear most types of armour.
You are very stealthy in the water. (Stealth+)
You are amphibious.
You can wear up to eight rings at the same time.
You can use your tentacles to constrict eight enemies at once.
Your skin changes colour to match your surroundings (Stealth+).
Your rubbery body absorbs attacks. (AC +1, EV +1)


Message History

The ice beast is severely wounded.
The ice beast hits you. The ice beast freezes you!
A centaur comes into view.
The centaur shouts!
You hit the ice beast. You tentacle-slap the ice beast.
The ice beast is almost dead.
You block the ice beast's attack.
You hit the ice beast.
The ice beast is almost dead.
The ice beast hits you but does no damage.
You closely miss the ice beast.
The ice beast is almost dead.
The ice beast misses you.
You hit the ice beast.
You squeeze the ice beast, but do no damage.
The ice beast is almost dead.
A bullfrog comes into view.
The ice beast hits you. The ice beast freezes you!
You are too injured to fight recklessly!
You are too injured to fight recklessly!
You are too injured to fight recklessly!
You are too injured to fight recklessly!
You are too injured to fight recklessly!
You are too injured to fight recklessly!
Casting: Mephitic Cloud (safe; 4% risk of failure)
Confirm with . or Enter, or press ? or * to list all spells.
You begin to radiate toxic energy.
The bullfrog is poisoned.
The centaur is poisoned.
The bullfrog looks even sicker.
The centaur looks even sicker.
The ice beast hits you. The ice beast freezes you.
You hit the ice beast.
The ice beast is almost dead.
The centaur looks even sicker.
The ice beast barely misses you.
You hit the ice beast.
You kill the ice beast!
Your Unarmed Combat skill increases to level 3!
Your Spellcasting skill increases to level 5!
Your toxic aura wanes.
You hit the centaur but do no damage.
The centaur is moderately wounded.
The centaur barely misses you.
You sock the centaur! You squeeze the centaur.
The centaur is almost dead.
You kill the centaur!
The bullfrog misses you.
You thump the bullfrog! Your grab misses the bullfrog.
The bullfrog is severely wounded.
The bullfrog completely misses you.
You hit the bullfrog but do no damage. Your grab misses the bullfrog.
You squeeze the bullfrog.
The bullfrog is severely wounded.
The bullfrog closely misses you.
You hit the bullfrog but do no damage. You grab the bullfrog.
You tentacle-slap the bullfrog. You squeeze the bullfrog.
You kill the bullfrog!
Found a scroll of immolation.
You now have 1011 gold pieces (gained 41).
Things that are here:
a +0 shortbow; 23 arrows The freezing wraith is too close now for your liking.
A freezing wraith is nearby!
A freezing wraith is nearby!
Evoke which item? (* to show all) (? for menu, Esc to quit)
Okay, then.
Evoke which item? (* to show all) (? for menu, Esc to quit)
Aiming: Throw Flame
Press: ? - help, Shift-Dir - straight line, f - freezing wraith
Aim: a freezing wraith (severely damaged)
The puff of flame hits the freezing wraith.
The freezing wraith is burned terribly!
The freezing wraith is almost destroyed.
Evoke which item? (* to show all) (? for menu, Esc to quit)
Aiming: Throw Flame
Press: ? - help, Shift-Dir - straight line, f/p - freezing wraith
Aim: a freezing wraith (almost destroyed)
The puff of flame misses the freezing wraith.
Evoke which item? (* to show all) (? for menu, Esc to quit)
Aiming: Throw Flame
Press: ? - help, Shift-Dir - straight line, f/p - freezing wraith
Aim: a freezing wraith (almost destroyed)
The puff of flame hits the freezing wraith.
The freezing wraith is burned terribly!
The freezing wraith is almost destroyed.
Evoke which item? (* to show all) (? for menu, Esc to quit)
Aiming: Throw Flame
Press: ? - help, Shift-Dir - straight line, f/p - freezing wraith
Aim: a freezing wraith (almost destroyed)
The puff of flame hits the freezing wraith but does no damage.
The freezing wraith is almost destroyed.
The freezing wraith misses you. The freezing wraith hits you.
Evoke which item? (* to show all) (? for menu, Esc to quit)
Aiming: Throw Flame
Press: ? - help, Shift-Dir - straight line, f/p - freezing wraith
Aim: a freezing wraith (almost destroyed)
The puff of flame misses the freezing wraith.
The freezing wraith hits you!
* * * LOW HITPOINT WARNING * * *
The freezing wraith freezes you!
You die...
Your body crumbles into a pile of gold.

.# .# .# ......
.###### ...
.....## .##...#
#.. ...... ......#
#.# ....# .##...#
#.# ....#
####.#####.# ?..
#....##.######.#
#...........W@.#
#....##.########
#.##..............
#..........#######
#########...#
#§°.# #.§§# #§☼☼#
#W9.#


You could see a freezing wraith.

Vanquished Creatures
  2 orc knights (Bailey)
  Joseph (D:8)
  Maggie (D:8)
  3 hippogriffs
  A wyvern (D:9)
  A yak (D:9)
  2 hungry ghosts
  Menkaure (D:5)
  2 porcupines (D:9)
  9 orc warriors
  4 ice beasts
  A sky beast (D:7)
  3 phantoms
  A hornet zombie (D:8)
  4 black bears
  4 ogres
  2 centaurs
  2 big kobolds (Sewer)
  10 bullfrogs
  4 scorpions
  4 jellies
  5 howler monkeys
  6 electric eels (D:9)
  6 crimson imps
  2 quasits
  3 orc priests
  2 centaur zombies (D:5)
  5 hounds
  10 orc wizards
  4 iguanas
  Jessica (D:2)
  A bullfrog skeleton (D:7)
  13 worker ants
  A hound skeleton (D:5)
  A howler monkey zombie (D:5)
  20 adders
  3 gnolls (D:3)
  An adder skeleton (D:5)
  An adder zombie (D:5)
  9 worms
  9 dart slugs
  9 leopard geckos
  32 orcs
  2 giant cockroaches (D:1)
  11 goblins
  4 hobgoblins
  14 jackals
  11 kobolds
  3 quokkas
  10 ball pythons
  2 bats
  4 frilled lizards
  A leopard gecko skeleton (D:5)
  A quokka zombie (D:7)
  6 rats
275 creatures vanquished.

Vanquished Creatures (others)
  3 killer bees (D:10)
  An orc wizard (D:10)
  3 orcs (D:10)
  8 fungi (D:9)
  2 plants (D:9)
17 creatures vanquished.

Grand Total: 292 creatures vanquished

Notes
Turn   | Place    | Note
-------+----------+-------------------------------------------
     0 | D:1      | EnegeticOcto the Octopode Venom Mage began the quest for
                  | the Orb.
     0 | D:1      | Reached XP level 1. HP: 11/11 MP: 3/3
   294 | D:1      | Reached XP level 2. HP: 17/17 MP: 1/5
   374 | D:1      | Reached skill level 4 in Poison Magic
   711 | D:1      | Learned a level 2 spell: Poisonous Vapours
  1170 | D:1      | Reached XP level 3. HP: 21/21 MP: 6/6
  1516 | D:2      | Reached skill level 5 in Poison Magic
  1620 | D:2      | Reached XP level 4. HP: 27/27 MP: 0/7
  1992 | D:2      | Noticed Jessica
  1995 | D:2      | Killed Jessica
  2221 | D:2      | Reached skill level 1 in Air Magic
  2269 | D:2      | Reached skill level 1 in Fighting
  2269 | D:2      | Reached XP level 5. HP: 24/33 MP: 0/8
  3144 | D:3      | Found a glowing drain.
  3169 | Sewer    | Entered a sewer
  3523 | Sewer    | Noticed a big kobold
  3531 | Sewer    | Killed a big kobold
  3531 | Sewer    | Reached XP level 6. HP: 39/39 MP: 0/10
  5327 | D:4      | Found Edduj's Antique Weapon Boutique.
  5467 | D:4      | Reached XP level 7. HP: 46/46 MP: 4/12
  5607 | D:4      | Found Konozegyqi's General Store.
  5615 | D:4      | Bought a scroll of fear for 42 gold pieces
  5615 | D:4      | Bought a wand of paralysis (6) for 96 gold pieces
  5615 | D:4      | Bought a wand of paralysis (6) for 96 gold pieces
  5960 | D:4      | Found Pixzo's Jewellery Shoppe.
  6263 | D:4      | Learned a level 4 spell: Olgreb's Toxic Radiance
  6267 | D:4      | Learned a level 3 spell: Mephitic Cloud
  6271 | D:4      | Learned a level 3 spell: Ignite Poison
  6297 | D:5      | Entered Level 5 of the Dungeon
  6386 | D:5      | Noticed Menkaure
  6667 | D:5      | Got a fine quarterstaff
  6681 | D:4      | Identified the +7 quarterstaff "Bapholoe" {protect,
                  | *Corrode Dex+7} (You found it on level 5 of the Dungeon)
  6795 | D:5      | Reached skill level 6 in Poison Magic
  6797 | D:5      | Killed Menkaure
  6797 | D:5      | Reached skill level 1 in Throwing
  6797 | D:5      | Reached skill level 1 in Shields
  6797 | D:5      | Reached skill level 1 in Conjurations
  6797 | D:5      | Reached skill level 1 in Evocations
  6797 | D:5      | Reached XP level 8. HP: 33/52 MP: 6/14
  7066 | D:5      | Got a scorched flail
  7067 | D:5      | Identified the cursed +0 flail "Goom" {speed, rElec rN+
                  | SInv} (You found it on level 5 of the Dungeon)
  7454 | D:6      | Found a runed translucent gate.
  7454 | D:6      | Found a runed translucent gate.
  7454 | D:6      | Found a runed translucent gate.
  7454 | D:6      | Noticed jperry's ghost (novice MiBe)
  8096 | D:6      | Reached XP level 9. HP: 52/58 MP: 15/15
  8352 | D:6      | Found a shadowy altar of Dithmenos.
  8577 | D:7      | Found a flagged portal.
  8579 | D:7      | Reached skill level 7 in Poison Magic
  8587 | Bailey   | Entered a bailey
  9401 | Bailey   | Noticed an orc knight
  9632 | Bailey   | Killed an orc knight
  9739 | Bailey   | Identified the Papyrus of Dusty Transmutation
  9742 | Bailey   | Got an ancient large shield
  9749 | Bailey   | Identified the cursed +0 large shield "Bynontaj" {rElec
                  | Str+4} (You found it in a bailey)
  9771 | Bailey   | Noticed an orc knight
  9800 | Bailey   | Killed an orc knight
  9800 | Bailey   | Reached skill level 5 in Fighting
  9800 | Bailey   | Reached skill level 8 in Poison Magic
  9800 | Bailey   | Reached XP level 10. HP: 66/66 MP: 1/16
 10429 | D:7      | Found a staircase to the Ecumenical Temple.
 10455 | Temple   | Entered the Ecumenical Temple
 10515 | Temple   | Became a worshipper of Gozag Ym Sagoz the Greedy
 10563 | D:7      | Reached skill level 5 in Transmutations
 10576 | D:7      | Reached skill level 5 in Throwing
 11178 | D:7      | Found a hide-covered altar of Uskayaw.
 11178 | D:7      | Found a hazy altar of Hepliaklqana.
 11178 | D:7      | Found a shimmering blue altar of Sif Muna.
 11178 | D:7      | Found a glowing golden altar of the Shining One.
 11189 | D:7      | Found a snail-covered altar of Cheibriados.
 11189 | D:7      | Found a basalt altar of Yredelemnul.
 11461 | D:8      | Noticed Joseph
 11472 | D:8      | Noticed Maggie
 11475 | D:8      | Killed Joseph
 11497 | D:8      | Killed Maggie
 11919 | D:8      | Learned a level 2 spell: Passwall
 11922 | D:8      | Learned a level 2 spell: Swiftness
 12480 | D:9      | Reached skill level 1 in Unarmed Combat
 12655 | D:9      | Found an iron altar of Okawaru.
 12829 | D:9      | Found a staircase to the Lair.
 12834 | D:9      | Reached XP level 11. HP: 67/72 MP: 9/17
 12889 | D:9      | HP: 3/74 [hippogriff (6)]
 14855 | D:10     | Entered Level 10 of the Dungeon
 14877 | D:10     | Reached skill level 5 in Dodging
 15922 | D:10     | Reached skill level 5 in Spellcasting
 15949 | D:10     | Slain by a freezing wraith

Levels and vault maps discovered:
D:1:      dpeg_cavernosity, layout_basic
D:2:      layout_basic, first_ration, uniq_jessica
D:3:      layout_basic, cheibrodos_sewer_entry_bend
D:4:      cheibrodos_helix_gallery, layout_basic, serial_shops, shop_statue,
          kennysheep_mini_moat, shop, minmay_box_of_dots
D:5:      kennysheep_slugbush, layout_cave_pools, serial_column_ruins,
          column_ruins_hut_ruined, column_ruins_courtyard_long,
          column_ruins_grid_1, column_ruins_open_tiny,
          column_ruins_columns_corner, column_ruins_columns_dead_end,
          column_ruins_grid_1, column_ruins_grid_2, uniq_menkaure
D:6:      layout_loops_corners, grunt_dithmenos_shadows, gammafunk_ghost_split
D:7:      layout_cave_pods, minmay_overflow_temple_hex,
          minmay_temple_entry_slanted, enter_bailey_3, minmay_bent
D:8:      layout_rooms, grunt_pizzeria, uniq_maggie, uniq_joseph
D:9:      cheibrodos_two_vegetables, layout_long_grid,
          due_lair_maze_entry_diamond, kennysheep_okawaru_gauntlet
D:10:     layout_loops_ring, lemuel_flame_loot_1
Temple:   eino_wide_crystal_templ

Skill      XL: |  1  2  3  4  5  6  7  8  9 10 11 |
---------------+----------------------------------+-----
Stealth        | 3 4 |  4.0
Poison Magic   | 4 5 6 8 |  8.0
Air Magic      | 1 2 |  2.0
Fighting       | 1 2 3 4 5 6 |  6.8
Dodging        | 3 4 5 |  5.1
Spellcasting   | 3 4 5 |  5.0
Throwing       | 1 2 4 6 |  6.7
Shields        | 1 2 4 |  4.1
Conjurations   | 1 2 3 |  3.0
Evocations     | 1 2 4 |  4.1
Transmutations | 2 4 7 |  7.5
Unarmed Combat | 1 3 |  3.0

Action                   |  1- 3 |  4- 6 |  7- 9 | 10-12 || total
-------------------------+-------+-------+-------+-------++-------
Melee: Unarmed           |    25 |    64 |    33 |    37 ||   159
       Tentacles         |     5 |     8 |    34 |    53 ||   100
       Constrict         |     7 |    18 |    31 |    54 ||   110
       Quarterstaff      |       |       |   134 |   212 ||   346
       Flail             |       |       |       |    77 ||    77
       Punch             |       |       |       |     4 ||     4
 Cast: Sting             |    37 |    57 |    13 |       ||   107
       Poisonous Vapours |     7 |    57 |    48 |    32 ||   144
       Olgreb's Toxic Ra |       |       |     8 |    18 ||    26
       Mephitic Cloud    |       |       |     3 |     2 ||     5
       Ignite Poison     |       |       |     1 |       ||     1
Evoke: Wand              |       |       |       |    10 ||    10
  Use: Scroll            |       |     6 |    11 |     5 ||    22
       Potion            |       |       |     1 |     2 ||     3
 Stab: Sleeping          |     1 |     3 |    10 |    18 ||    32
       Paralysed         |       |       |       |    13 ||    13
       Distracted        |       |       |       |     2 ||     2
  Eat: Chunk             |     3 |    16 |    15 |     1 ||    35
       Ration            |       |       |     1 |     7 ||     8
Armor: Skin              |     3 |     6 |    25 |    66 ||   100
Dodge: Dodged            |    28 |    63 |   132 |   274 ||   497
Block: Buckler           |       |       |     3 |    23 ||    26

Table legend:
 A = Non-vault XP
 B = Vault XP
 C = Vault XP percentage of total XP
 D = Non-vault monster count
 E = Vault monster count
 F = Vault count percentage of total count
                 A         B        C        D         E       F
            +---------+---------+-------+---------+---------+-------
      Total |    6779 |    5668 |  45.5 |     186 |      90 |  32.6
            +---------+---------+-------+---------+---------+-------
        D:1 |      32 |      10 |  23.8 |      17 |       4 |  19.0
        D:2 |     100 |      37 |  27.0 |      19 |       1 |   5.0
        D:3 |     134 |      15 |  10.1 |      15 |       3 |  16.7
        D:4 |     291 |      40 |  12.1 |      16 |       2 |  11.1
        D:5 |     231 |     197 |  46.0 |      16 |       8 |  33.3
        D:6 |    1024 |     129 |  11.2 |      31 |       1 |   3.1
        D:7 |    1288 |     223 |  14.8 |      20 |       9 |  31.0
        D:8 |    1388 |     950 |  40.6 |      22 |       3 |  12.0
        D:9 |    1141 |    1654 |  59.2 |      11 |      21 |  65.6
       D:10 |    1150 |       0 |   0.0 |      19 |       0 |   0.0
      Sewer |       0 |     271 | 100.0 |       0 |      20 | 100.0
     Bailey |       0 |    2142 | 100.0 |       0 |      18 | 100.0
            +---------+---------+-------+---------+---------+-------
